 Dungeon Crawl Stone Soup version 0.22-a0-240-g539252a (webtiles) character file.

2662 varam the Spear-Bearer (level 9, 0/91 HPs)
             Began as an Ogre Hunter on Feb 21, 2018.
             Was a Priest of Cheibriados.
             Slain by a wyvern (15 damage)
             ... on level 8 of the Dungeon.
             The game lasted 00:19:46 (7846 turns).

varam the Spear-Bearer (Ogre Hunter)                Turns: 7846, Time: 00:19:47

Health: 0/91       AC:  8    Str: 25    XL:     9   Next: 63%
Magic:  9/13       EV: 14    Int: 20    God:    Cheibriados [***...]
Gold:   307        SH:  2    Dex: 21    Spells: 8/8 levels left

rFire    + . .     SeeInvis .   C - +0 bardiche
rCold    + . .     Gourm    .   (shield currently unavailable)
rNeg     . . .     Faith    .   H - +0 acid dragon scales
rPois    .         Spirit   .   (helmet restricted)
rElec    .         Reflect  +   y - scarf {rC+ rF+}
rCorr    +         Harm     .   (gloves unavailable)
MR       ++...                  (boots unavailable)
Stlth    ++........             v - +2 amulet of reflection
HPRegen  0.25/turn              t - +3 ring of dexterity
MPRegen  0.13/turn              s - ring of protection from magic

@: very slow
A: large, unfitting armour, horns 1, rugged brown scales 1, magic resistance 1,
tough skin 1, evolution 1
a: Bend Time, Temporal Distortion, Renounce Religion


You were on level 8 of the Dungeon.
You worshipped Cheibriados.
Cheibriados was most pleased with you.
You were not hungry.

You visited 1 branch of the dungeon, and saw 8 of its levels.

You collected 307 gold pieces.

Inventory:

Hand Weapons
 a - a +0 short sword
 g - a +0 hunting sling
 k - a +4 trident
 o - a +0 halberd
 B - a +0 giant club
 C - a +0 bardiche (weapon)
Missiles
 c - 5 large rocks (quivered)
 d - 2 throwing nets
Armour
 b - a +0 robe
 y - a scarf of resistance (worn)
 H - +0 acid dragon scales (worn)
Jewellery
 s - a ring of protection from magic (right hand)
 t - a +3 ring of dexterity (left hand)
 v - a +2 amulet of reflection (around neck)
Wands
 x - a wand of digging (4)
 A - a wand of flame (7)
 G - a wand of enslavement (13)
Scrolls
 e - a scroll of enchant armour {unknown}
 h - 2 scrolls of amnesia {unknown}
 i - 5 scrolls of remove curse
 l - 2 scrolls of teleportation
 m - 5 scrolls of identify
 p - 3 scrolls of magic mapping {unknown}
 q - 2 scrolls of noise {unknown}
 r - 2 scrolls of immolation {unknown}
 u - 2 scrolls of blinking {unknown}
 w - a scroll of enchant weapon {unknown}
Potions
 j - 2 potions of heal wounds {unknown}
 n - 2 potions of flight
 z - a potion of cancellation {unknown}
 D - a potion of lignification {unknown}
 F - a potion of haste {unknown}
Comestibles
 f - 14 rations
 E - a chunk of flesh


   Skills:
 + Level 6.0 Fighting
 * Level 8.4 Polearms
 - Level 4.0 Throwing
 + Level 1.1 Armour
 + Level 5.9 Dodging
 - Level 0.6 Stealth
 + Level 6.0 Invocations


You had 8 spell levels left.
You didn't know any spells.

Dungeon Overview and Level Annotations

Branches:
Dungeon (8/15)             Temple (0/1) D:5
   Lair: D:8-11

Altars:
Ashenzari
Cheibriados
Elyvilon
Okawaru
Trog
Vehumet
Wu Jian

Shops:
D:4 %

Annotations:
D:4 Robin


Innate Abilities, Weirdness & Mutations

You are too large for most types of armour.
You have tough skin. (AC +1)
You have a pair of small horns on your head.
You are partially covered in rugged brown scales. (AC +1, +3% HP)
You are resistant to hostile enchantments. (MR+)
You evolve.


Message History

Your Fighting skill increases to level 6!
Your Armour skill increases to level 1!
Your Invocations skill increases to level 6!
A wyvern comes into view.
The crocodile bites you but does no damage.
The crocodile completely misses you. The wyvern bites you!
The crocodile closely misses you. The wyvern bites you!
* * * LOW HITPOINT WARNING * * *
The flow of time bends around you.
Cheibriados rebukes the wyvern.
The wyvern seems to slow down.
Cheibriados rebukes the crocodile.
The crocodile seems to slow down.
You feel slightly more hungry. The crocodile bites you.
* * * LOW HITPOINT WARNING * * *
The wyvern bites you but does no damage.
You slice the crocodile!!
You kill the crocodile!
The wyvern bites you!
You die...

# ##. #### .## ...#
...#######
######.##.....
###...##.###
##.#.##.[...... #
####..##.#
#.#.†...†....#
##....###..@l....###..#
##.........###.#.#
#.###.#.##.#..### # ###
##### ##### # #
######### .........
.########


You could see a wyvern.

Vanquished Creatures
  Grinder (D:4)
  2 wyverns (D:8)
  A steam dragon (D:8)
  Duvessa (D:6)
  An ice beast (D:6)
  A sky beast (D:7)
  A phantom (D:6)
  A wolf (D:8)
  2 centaurs
  An ogre (D:6)
  A crocodile (D:8)
  A bullfrog (D:6)
  Dowan (D:6)
  3 wights (D:6)
  2 howler monkeys (D:6)
  2 electric eels (D:8)
  2 crimson imps
  A quasit (D:8)
  2 hounds
  Crazy Yiuf (D:5)
  2 orc priests (D:4)
  9 orc wizards
  Natasha (thrice) (D:5)
  4 worker ants
  A bullfrog simulacrum (D:8)
  7 adders
  4 gnolls
  A hound simulacrum (D:8)
  A white imp (D:8)
  An ooze (D:3)
  An adder skeleton (D:2)
  2 worms (D:3)
  A dart slug (D:5)
  3 leopard geckos
  18 orcs
  3 giant cockroaches
  13 goblins
  6 hobgoblins
  5 quokkas
  A ball python zombie (D:2)
  6 bats
  7 frilled lizards
  6 kobolds
  A leopard gecko skeleton (D:2)
  A leopard gecko zombie (D:2)
  2 rats
137 creatures vanquished.

Notes
Turn   | Place    | Note
-------+----------+-------------------------------------------
     0 | D:1      | varam the Ogre Hunter began the quest for the Orb.
     0 | D:1      | Reached XP level 1. HP: 22/22 MP: 1/1
    68 | D:1      | Reached skill level 3 in Fighting
   181 | D:1      | Reached XP level 2. HP: 27/32 MP: 2/2
   242 | D:1      | Reached skill level 4 in Fighting
   914 | D:2      | Reached XP level 3. HP: 40/40 MP: 3/3
   934 | D:2      | Reached skill level 5 in Fighting
  1149 | D:2      | Reached skill level 2 in Dodging
  1221 | D:2      | Reached skill level 1 in Polearms
  1221 | D:2      | Reached XP level 4. HP: 38/50 MP: 4/4
  1525 | D:3      | Gained mutation: Your magical capacity is low. (-10% MP) [potion of mutation]
  1525 | D:3      | Gained mutation: You are partially covered in thin metallic scales. (AC +2) [potion of mutation]
  1540 | D:3      | HP: 5/50 [poisoned by an adder]
  1548 | D:3      | HP: 5/50 [poisoned by an adder]
  1869 | D:3      | Reached skill level 2 in Polearms
  1869 | D:3      | Reached XP level 5. HP: 57/57 MP: 4/4
  1873 | D:3      | Found a shattered altar of Ashenzari.
  2066 | D:3      | Found a snail-covered altar of Cheibriados.
  2105 | D:3      | Became a worshipper of Cheibriados the Contemplative
  2255 | D:4      | Reached skill level 3 in Dodging
  2267 | D:4      | HP: 3/57 [something/puff of flame (8)]
  2593 | D:4      | Reached skill level 1 in Invocations
  2665 | D:4      | Noticed Robin
  2706 | D:4      | Noticed Grinder
  2768 | D:4      | Killed Grinder
  2768 | D:4      | Reached skill level 3 in Polearms
  2768 | D:4      | Reached skill level 2 in Invocations
  2768 | D:4      | Reached XP level 6. HP: 48/66 MP: 5/6
  2815 | D:4      | Noticed Natasha
  2821 | D:5      | Entered Level 5 of the Dungeon
  2824 | D:5      | HP: 3/66 [Natasha (8)]
  2825 | D:5      | HP: 1/66 [Natasha (2)]
  3137 | D:4      | Reached skill level 4 in Polearms
  3149 | D:4      | Reached XP level 7. HP: 32/72 MP: 7/7
  3156 | D:4      | HP: 6/72 [something/puff of flame (9)]
  3550 | D:4      | Found a bloodstained altar of Trog.
  3645 | D:4      | Reached * piety under Cheibriados
  3664 | D:4      | Found Pacuv's Food Shop.
  3898 | D:5      | Found a radiant altar of Vehumet.
  3900 | D:5      | Killed Natasha
  3905 | D:5      | Noticed Natasha
  3915 | D:5      | Killed Natasha
  3932 | D:5      | Noticed Natasha
  3946 | D:5      | Killed Natasha
  3946 | D:5      | Reached skill level 3 in Invocations
  4324 | D:5      | Reached skill level 4 in Dodging
  4496 | D:5      | Lost mutation: Your magical capacity is low. (-10% MP) [potion of mutation]
  4496 | D:5      | Lost mutation: You are partially covered in thin metallic scales. (AC +2) [potion of mutation]
  4496 | D:5      | Gained mutation: Your muscles are strong. (Str +2) [potion of mutation]
  4496 | D:5      | Gained mutation: You possess an exceptional clarity of mind. [potion of mutation]
  4715 | D:5      | Reached skill level 5 in Polearms
  4835 | D:5      | Found a staircase to the Ecumenical Temple.
  4859 | D:5      | Found a runed door.
  4885 | D:5      | Found an ornate altar of the Wu Jian Council.
  4909 | D:5      | Noticed Crazy Yiuf
  4913 | D:5      | Killed Crazy Yiuf
  5307 | D:6      | Noticed Duvessa
  5307 | D:6      | Noticed Dowan
  5318 | D:6      | Killed Dowan
  5318 | D:6      | Reached XP level 8. HP: 56/80 MP: 10/10
  5349 | D:6      | Reached skill level 4 in Invocations
  5408 | D:6      | Reached ** piety under Cheibriados
  5516 | D:6      | Reached skill level 6 in Polearms
  5566 | D:6      | Killed Duvessa
  5957 | D:6      | Reached skill level 5 in Dodging
  6171 | D:6      | Reached skill level 7 in Polearms
  6186 | D:6      | Found an iron altar of Okawaru.
  6262 | D:6      | Reached skill level 5 in Invocations
  6660 | D:7      | Found a white marble altar of Elyvilon.
  6761 | D:7      | Lost mutation: You possess an exceptional clarity of mind. [potion of mutation]
  6761 | D:7      | Lost mutation: Your muscles are strong. (Str +2) [potion of mutation]
  6761 | D:7      | Gained mutation: You evolve. [potion of mutation]
  6761 | D:7      | Gained mutation: You are partially covered in rugged brown scales. (AC +1, +3% HP) [potion of mutation]
  6761 | D:7      | Gained mutation: You have a pair of small horns on your head. [potion of mutation]
  6850 | D:7      | Reached XP level 9. HP: 86/90 MP: 12/12
  7368 | D:7      | Reached *** piety under Cheibriados
  7694 | D:8      | Reached skill level 8 in Polearms
  7797 | D:8      | Gained mutation: You are resistant to hostile enchantments. (MR+) [evolution]
  7840 | D:8      | Reached skill level 6 in Fighting
  7840 | D:8      | Reached skill level 1 in Armour
  7840 | D:8      | Reached skill level 6 in Invocations
  7846 | D:8      | Slain by a wyvern

Vault maps used:
D:1:      dpeg_arrival_stone_temple_mockup
D:2:      serial_undead, serial_undead_b, serial_undead_b, serial_undead_f,
          serial_undead_c, minmay_misc_feat_secret_circle
D:3:      cheibriados_altar_1, evilmike_ruin_ashenzari
D:4:      nicolae_overflow_crystal_walls, serial_shops, shop, first_ration,
          uniq_robin, uniq_grinder, uniq_natasha
D:5:      marbit_many_paths, old_standard_altar, temple_hall,
          uniq_crazy_yiuf_cottage
D:6:      kennysheep_okawaru_gauntlet, minmay_misc_feat_more_columns,
          uniq_duvessa
D:7:      nicolae_overflow_hidden_temple
D:8:      old_standard_altar, nemelex_xobeh_ov_fountains_minmay,
          erik_lair_dragon, serial_ice, serial_ice_g, serial_ice_f,
          serial_ice_m, serial_ice_l, serial_ice_b, serial_ice_o, serial_ice_n,
          serial_ice_a, serial_ice_e, serial_ice_d,
          nicolae_ru_great_annihilating_truth

Skill      XL: |  1  2  3  4  5  6  7  8  9 |
---------------+----------------------------+-----
Fighting       | 3 4 5 6 |  6.0
Dodging        | 2 3 4 5 |  5.9
Polearms       | 1 2 3 4 5 7 8 |  8.4
Invocations    | 2 3 5 6 |  6.0
Armour         | 1 |  1.1
Throwing       | |  4.0
Stealth        | |  0.6

Action                   |  1- 3 |  4- 6 |  7- 9 || total
-------------------------+-------+-------+-------++-------
Melee: Short sword       |   113 |       |       ||   113
       Halberd           |    15 |   156 |   183 ||   354
       Trident           |       |       |     9 ||     9
       Headbutt          |       |       |    17 ||    17
       Bardiche          |       |       |    53 ||    53
Throw: Large rock        |       |       |    11 ||    11
Invok: Bend Time         |       |     1 |     3 ||     4
 Abil: Evoke Berserk Rag |       |     1 |       ||     1
Evoke: Wand              |       |       |     3 ||     3
  Use: Potion            |       |     3 |     2 ||     5
       Scroll            |       |     4 |       ||     4
 Stab: Sleeping          |     1 |     2 |     8 ||    11
  Eat: Chunk             |     1 |     7 |     9 ||    17
Armor: Robe              |    35 |    52 |    34 ||   121
       Acid dragon scale |       |       |    22 ||    22
Dodge: Dodged            |    86 |    89 |   125 ||   300
Block: Other             |       |     8 |    24 ||    32

Table legend:
 A = Spawn XP
 B = Non-spawn XP
 C = Spawn XP percentage of total XP
 D = Spawn monster count
 E = Non-spawn monster count
 F = Spawn count percentage of total count
 G = Total turns spent on level
                    A         B        C        D         E        F      G
               +---------+---------+-------+---------+---------+-------+---------
         Total |       0 |    3803 |   0.0 |       0 |     137 |   0.0 |  7846
               +---------+---------+-------+---------+---------+-------+---------
           D:1 |       0 |      25 |   0.0 |       0 |      16 |   0.0 |   900
           D:2 |       0 |      63 |   0.0 |       0 |      15 |   0.0 |   815
           D:3 |       0 |     101 |   0.0 |       0 |      24 |   0.0 |   709
           D:4 |       0 |     512 |   0.0 |       0 |      20 |   0.0 |  1997
           D:5 |       0 |     311 |   0.0 |       0 |       8 |   0.0 |  1069
           D:6 |       0 |    1235 |   0.0 |       0 |      27 |   0.0 |  1469
           D:7 |       0 |     536 |   0.0 |       0 |      16 |   0.0 |   718
           D:8 |       0 |    1020 |   0.0 |       0 |      11 |   0.0 |   169
               +---------+---------+-------+---------+---------+-------+---------
